 Dungeon Crawl Stone Soup version 0.29-a0-919-gd064cfad1c (webtiles) character file.

Game seed: 3953494405450621754

1477 Sobieck the Shooter (level 8, -10/68 HPs)
             Began as a Demigod Hunter on July 26, 2022.
             Mangled by a two-headed ogre
             ... wielding a +0 giant club
              (25 damage)
             ... on level 6 of the Dungeon.
             The game lasted 00:09:04 (5848 turns).

Sobieck the Shooter (Demigod Hunter)                Turns: 5848, Time: 00:09:05

Health: -10/68     AC:  5    Str: 12    XL:     8   Next: 25%
Magic:  10/10      EV: 15    Int: 11    God:
Gold:   221        SH:  0    Dex: 25    Spells: 7/7 levels left

rFire   . . .      SeeInvis .   a - +1 shortbow {bow}
rCold   . . .      Faith    .   (shield currently unavailable)
rNeg    . . .      Spirit   .   c - +0 leather armour
rPois   .          Reflect  .   (no helmet)
rElec   .          Harm     .   (no cloak)
rCorr   .          Rampage  .   S - +0 pair of gloves
Will    +....                   E - +0 pair of boots
Stlth   ++........              (no amulet)
HPRegen 0.21/turn               J - ring of willpower
MPRegen 0.12/turn               (no ring)

@: no status effects
A: high MP 1, forlorn, divine attributes
a: no special abilities


You were on level 6 of the Dungeon.
You visited 1 branch of the dungeon, and saw 6 of its levels.

You collected 221 gold pieces.


Innate Abilities, Weirdness & Mutations

You have an increased reservoir of magic. (+10% MP)
You shall have no god before yourself.
Your divine heritage dramatically boosts your attributes as you level up.


   Skills:
 + Level 5.1 Fighting
 * Level 7.9 Ranged Weapons
 - Level 5.0 Dodging
 - Level 0.8 Stealth


You had 7 spell levels left.
You didn't know any spells.
Your spell library contained the following spells:

 Spells                   Type           Power      Damage    Failure   Level
 Scorch                   Fire           0%         2d5       56%         2
 Sublimation of Blood     Necr           0%         N/A       56%         2
 Wereblood                Tmut           0%         N/A       56%         2
 Flame Wave               Conj/Fire      0%         2d4       99%         4
 Summon Cactus Giant      Summ           0%         N/A       100%        6
 Summon Hydra             Summ           0%         N/A       100%        7

Inventory:

Hand Weapons
 a - a +1 shortbow (weapon) {bow}
 t - a +2 dagger of speed {short}
   (You took it off a kobold on level 3 of the Dungeon)
 y - a +0 dagger of draining {short}
   (You took it off an orc wizard on level 3 of the Dungeon)
 A - a +2 hand axe of flaming {axe}
   (You took it off an orc on level 3 of the Dungeon)
 C - a +0 dagger of venom {short}
   (You took it off an orc on level 3 of the Dungeon)
 O - a +5 club {mace}
   (You took it off Ijyb on level 5 of the Dungeon)
 U - a +0 vorpal falchion {long}
   (You found it on level 6 of the Dungeon)
Missiles
 e - 76 stones {throwing}
Armour
 c - a +0 leather armour (worn)
 d - a +0 leather armour
   (You took it off a hobgoblin on level 4 of the Dungeon)
 g - a +0 chain mail
   (You found it on level 2 of the Dungeon)
 i - a +0 scale mail
   (You took it off Terence on level 2 of the Dungeon)
 j - a +0 leather armour
   (You found it on level 1 of the Dungeon)
 l - a +0 scale mail
   (You found it on level 2 of the Dungeon)
 p - a +0 ring mail
   (You took it off a hobgoblin on level 2 of the Dungeon)
 s - a +0 robe
   (You found it on level 3 of the Dungeon)
 u - a +0 leather armour
   (You took it off an orc priest on level 3 of the Dungeon)
 w - a +0 leather armour
   (You took it off an orc priest on level 3 of the Dungeon)
 x - a +0 scale mail
   (You took it off an orc on level 3 of the Dungeon)
 z - a +0 robe
   (You took it off an orc wizard on level 3 of the Dungeon)
 B - a +0 ring mail
   (You took it off an orc on level 3 of the Dungeon)
 D - a +0 ring mail
   (You took it off an orc on level 3 of the Dungeon)
 E - a +0 pair of boots (worn)
   (You found it on level 3 of the Dungeon)
 K - a +0 ring mail
   (You found it on level 5 of the Dungeon)
 L - a +0 ring mail
   (You found it on level 5 of the Dungeon)
 M - a +0 leather armour
   (You found it on level 5 of the Dungeon)
 N - a +0 leather armour
   (You took it off an orc on level 5 of the Dungeon)
 P - a +0 ring mail
   (You took it off Ijyb on level 5 of the Dungeon)
 S - a +0 pair of gloves (worn)
   (You found it on level 6 of the Dungeon)
 T - a +0 robe
   (You found it on level 6 of the Dungeon)
Magical Staves
 o - a staff of poison {!astaff}
   (You took it off a hobgoblin on level 2 of the Dungeon)
Jewellery
 J - a ring of willpower (left hand)
   (You found it on level 5 of the Dungeon)
Wands
 Q - a wand of charming (5)
   (You took it off Ijyb on level 5 of the Dungeon)
Scrolls
 b - 5 scrolls of immolation {!r!r}
 n - a scroll of magic mapping {!r}
 r - a scroll of brand weapon
 F - a scroll of blinking {!r}
 G - a scroll of teleportation {@r4}
 H - a scroll of identify {@r1}
 I - a scroll of poison {!r}
 R - a scroll of acquirement {unknown}
Potions
 f - a potion of curing {@q1}
 h - a potion of resistance
 k - 3 potions of heal wounds {@q2}
 m - 2 potions of lignification {!q}
 q - 3 potions of flight
 v - a potion of might

Dungeon Overview and Level Annotations

Branches:
Dungeon (6/15) Zot: 26594  Temple (0/1) D:4

Shops:
D:3 (

Annotations:
D:4 2 runed translucent doors

########### #..........
###.######### #...#.# ..†..#
#≈..#.#
###..######################≈≈.#.#
# #.......................#8≈....
# #..#####................#≈≈...#
# #.†#####.################≈..#.#
# #>...........O@.........#.....#
# ##.#####.#######....####....#.#
####.## #....####.##.# ####.#.#
......# #.........##.#######.#.#
...)..# #.##.#######............
......# #.##.......#########.##.
.O....# #.########<# #.##.
......# #.# #.... .###### #+#
#####


You could see a two-headed ogre.


Message History

You shoot an arrow. The arrow hits the hound!
You shoot an arrow. The arrow hits the hound!
You kill the hound!
No target in view!
No target in view!
A bullfrog comes into view.
Danger!
You shoot an arrow. The arrow hits the bullfrog!
The bullfrog gives a loud, deep croak!
You shoot an arrow. The arrow hits the bullfrog!
You shoot an arrow. The arrow hits the bullfrog!
You kill the bullfrog!
You see here a bullfrog corpse.
You see here a +0 long sword {long}.
A bullfrog comes into view.
The bullfrog moves out of view.
b - 5 scrolls of immolation {!r!r} (gained 1)
The bullfrog gives a loud, deep croak!
Danger!
You shoot an arrow. The arrow hits the bullfrog.
You shoot an arrow. The arrow hits the bullfrog.
You shoot an arrow. The arrow hits the bullfrog.
The bullfrog closely misses you.
Fire: a) +1 shortbow {bow}
Press: ? - help, Q - select action, (/) - cycle Shift-Dir - straight line, f/p - bullfrog
Aim: a bullfrog (lightly wounded, 64% to hit)
You shoot an arrow. The arrow hits the bullfrog!
The bullfrog hits you. The bullfrog barely misses you.
Fire: a) +1 shortbow {bow}
Press: ? - help, Q - select action, (/) - cycle Shift-Dir - straight line, f/p - bullfrog
Aim: a bullfrog (almost dead, 64% to hit)
You shoot an arrow. The arrow barely misses the bullfrog.
The bullfrog hits you but does no damage.
Fire: a) +1 shortbow {bow}
Press: ? - help, Q - select action, (/) - cycle Shift-Dir - straight line, f/p - bullfrog
Aim: a bullfrog (almost dead, 64% to hit)
You shoot an arrow. The arrow hits the bullfrog!
You kill the bullfrog!
Training target 5.0 for Dodging reached!
Your Fighting skill increases to level 5!
Your Dodging skill increases to level 5!
Unknown command.
Unknown command.
e - 76 stones {throwing} (gained 6)
k - 3 potions of heal wounds {@q2} (gained 1)
U - a +0 vorpal falchion {long} Unknown command.
As you open the door, it creaks loudly!
You hear two shouts!
A two-headed ogre comes into view.
It is wielding a +0 giant club and a +0 giant spiked club.
The two-headed ogre shouts in stereo!
A scorpion comes into view.
Danger!
Unknown command.
Danger!
You see here a +0 long sword {long}.
Danger!
Unknown command.
Danger!
Fire: a) +1 shortbow {bow}
Press: ? - help, Q - select action, (/) - cycle Shift-Dir - straight line, f - two-headed ogre
Aim: a two-headed ogre, wielding a +0 giant club and a +0 giant spiked club (81% to hit)
You shoot an arrow.
The arrow hits the scorpion but does no damage.
Fire: a) +1 shortbow {bow}
Press: ? - help, Q - select action, (/) - cycle Shift-Dir - straight line, f/p - two-headed ogre
Aim: a two-headed ogre, wielding a +0 giant club and a +0 giant spiked club (81% to hit)
You shoot an arrow.
The arrow hits the scorpion but does no damage.
The scorpion closely misses you.
Fire: a) +1 shortbow {bow}
Press: ? - help, Q - select action, (/) - cycle Shift-Dir - straight line, f/p - two-headed ogre
Aim: a two-headed ogre, wielding a +0 giant club and a +0 giant spiked club (81% to hit)
You shoot an arrow. The arrow hits the scorpion.
The scorpion stings you!
Fire: a) +1 shortbow {bow}
Press: ? - help, Q - select action, (/) - cycle Shift-Dir - straight line, f/p - two-headed ogre
Aim: a two-headed ogre, wielding a +0 giant club and a +0 giant spiked club (81% to hit)
You shoot an arrow. The arrow hits the scorpion.
The scorpion closely misses you. The scorpion misses you.
Fire: a) +1 shortbow {bow}
Press: ? - help, Q - select action, (/) - cycle Shift-Dir - straight line, f/p - two-headed ogre
Aim: a two-headed ogre, wielding a +0 giant club and a +0 giant spiked club (81% to hit)
You shoot an arrow. The arrow hits the scorpion!
You kill the scorpion!
Fire: a) +1 shortbow {bow}
Press: ? - help, Q - select action, (/) - cycle Shift-Dir - straight line, f/p - two-headed ogre
Aim: a two-headed ogre, wielding a +0 giant club and a +0 giant spiked club (81% to hit)
You shoot an arrow. The arrow hits the two-headed ogre.
The two-headed ogre closely misses you.
The two-headed ogre hits you with a +0 giant spiked club!!
* * * LOW HITPOINT WARNING * * *
Fire: a) +1 shortbow {bow}
Press: ? - help, Q - select action, (/) - cycle Shift-Dir - straight line, f/p - two-headed ogre
Aim: a two-headed ogre, wielding a +0 giant club and a +0 giant spiked club (81% to hit)
You shoot an arrow.
The arrow hits the two-headed ogre but does no damage.
The two-headed ogre hits you with a +0 giant club!
* * * LOW HITPOINT WARNING * * *
The two-headed ogre hits you with a +0 giant spiked club!!
You die...

Skill      XL: |  1  2  3  4  5  6  7  8 |
---------------+-------------------------+-----
Fighting       | 2 3 4 5 |  5.1
Dodging        | 2 3 4 5 |  5.0
Ranged Weapons | 4 5 6 7 |  7.9
Stealth        | |  0.8

Action                   |  1- 3 |  4- 6 |  7- 9 || total
-------------------------+-------+-------+-------++-------
 Fire: Shortbow          |   105 |   165 |   117 ||   387
  Use: Scroll            |     5 |     8 |       ||    13
Armor: Leather armour    |    15 |    15 |    18 ||    48
Dodge: Dodged            |    49 |    45 |    44 ||   138

Levels and vault maps discovered:
D:1:      psy_arrival_dodecagon, layout_basic
D:2:      layout_basic, hellmonk_ecumenical_altar_lost_god, uniq_natasha,
          uniq_terence
D:3:      layout_rooms, serial_shops, nicolae_square_shop
D:4:      layout_gridville, jmf_multi_god_temple2, minmay_temple_entry_statues,
          serial_glass, glass_columns_b, glass_columns_c
D:5:      layout_cave_pods, general_overflow_altar, uniq_ijyb
D:6:      layout_basic, moated_statue

Notes
Turn   | Place    | Note
-------+----------+-------------------------------------------
     0 | D:1      | Sobieck the Demigod Hunter began the quest for the Orb.
     0 | D:1      | Reached XP level 1. HP: 17/17 MP: 3/3
   184 | D:1      | Reached skill level 2 in Fighting
   184 | D:1      | Reached skill level 2 in Dodging
   238 | D:1      | Reached XP level 2. HP: 22/24 MP: 4/4
   538 | D:1      | Reached skill level 4 in Ranged Weapons
  1231 | D:2      | Noticed Terence
  1245 | D:2      | Killed Terence
  1246 | D:2      | Reached XP level 3. HP: 10/30 MP: 5/5
  1675 | D:2      | Noticed Natasha
  1681 | D:2      | Killed Natasha
  1682 | D:2      | Reached XP level 4. HP: 27/37 MP: 6/6
  2182 | D:3      | You pick up a book of Blood and begin reading...
  2182 | D:3      | You add the spells Sublimation of Blood, Wereblood and
                  | Summon Hydra to your library.
  2213 | D:3      | Found Xemeck's Weapon Emporium.
  2333 | D:3      | Reached XP level 5. HP: 27/44 MP: 7/7
  2344 | D:3      | Reached skill level 3 in Fighting
  2344 | D:3      | Reached skill level 5 in Ranged Weapons
  2636 | D:3      | Reached skill level 3 in Dodging
  3087 | D:4      | Noticed an ogre
  3111 | D:3      | HP: 8/45 [bullfrog (5)]
  3396 | D:4      | You pick up a book of Scorching and begin reading...
  3396 | D:4      | You add the spells Scorch, Flame Wave and Summon Cactus
                  | Giant to your library.
  3410 | D:4      | Reached XP level 6. HP: 51/51 MP: 8/8
  3796 | D:4      | Found a staircase to the Ecumenical Temple.
  3829 | D:4      | Found a large runed translucent door.
  3830 | D:4      | Found a large runed translucent door.
  3979 | D:5      | Entered Level 5 of the Dungeon
  4006 | D:5      | Reached skill level 6 in Ranged Weapons
  4028 | D:5      | Reached XP level 7. HP: 25/58 MP: 9/9
  4419 | D:5      | Reached skill level 4 in Fighting
  4419 | D:5      | Reached skill level 4 in Dodging
  4739 | D:5      | Reached skill level 7 in Ranged Weapons
  4968 | D:5      | Noticed Ijyb
  5038 | D:5      | Killed Ijyb
  5296 | D:5      | Reached XP level 8. HP: 66/67 MP: 10/10
  5680 | D:6      | Reached skill level 5 in Fighting
  5680 | D:6      | Reached skill level 5 in Dodging
  5816 | D:6      | Noticed a two-headed ogre
  5848 | D:6      | HP: 15/68 [two-headed ogre/+0 giant club (14)]
  5848 | D:6      | Mangled by a two-headed ogre

Vanquished Creatures
  An acid dragon (D:5)
  3 ice beasts (D:5)
  3 ogres
  4 bullfrogs
  2 scorpions (D:6)
  3 hounds
  2 orc priests (D:3)
  An orc wizard (D:3)
  Ijyb (D:5)
  An iguana (D:5)
  Natasha (D:2)
  Terence (D:2)
  10 adders
  An ufetubus (D:4)
  3 worms
  A dart slug (D:2)
  6 orcs
  5 bats
  5 endoplasms
  7 giant cockroaches
  3 goblins
  9 hobgoblins
  4 jackals
  3 quokkas
  8 ball pythons
  2 frilled lizards (D:1)
  5 kobolds
  5 rats
100 creatures vanquished.

Table legend:
 A = Non-vault XP
 B = Vault XP
 C = Vault XP percentage of total XP
 D = Non-vault monster count
 E = Vault monster count
 F = Vault count percentage of total count
                 A         B        C        D         E       F
            +---------+---------+-------+---------+---------+-------
      Total |    2008 |     103 |   4.9 |      97 |       3 |   3.0
            +---------+---------+-------+---------+---------+-------
        D:1 |      38 |       0 |   0.0 |      23 |       0 |   0.0
        D:2 |      41 |      67 |  62.0 |      14 |       2 |  12.5
        D:3 |     295 |       0 |   0.0 |      28 |       0 |   0.0
        D:4 |     194 |       0 |   0.0 |      11 |       0 |   0.0
        D:5 |    1036 |      36 |   3.4 |      15 |       1 |   6.2
        D:6 |     404 |       0 |   0.0 |       6 |       0 |   0.0
            +---------+---------+-------+---------+---------+-------

Illustrated notes

Table legend:
 A = Kills in this place as a percentage of kills in entire the game.
 B = Kills by you in this place as a percentage of kills by you in the entire game.
 C = Kills by friends in this place as a percentage of kills by friends in the entire game.
 D = Other kills in this place as a percentage of other kills in the entire game.
 E = Experience gained in this place as a percentage of experience gained in the entire game.
 F = Experience gained in this place divided by the number of levels of this place that you have seen.
                   A       B       C       D       E      F
               +-------+-------+-------+-------+-------+----------------------
         Total | 100.0 | 100.0 |   N/A |   N/A | 100.0 | 351.8
       Dungeon | 100.0 | 100.0 |   N/A |   N/A | 100.0 | 351.8
               +-------+-------+-------+-------+-------+----------------------

Table legend: (Time is in decaauts)
 A = Elapsed time spent in this place.
 B = Non-inter-level travel time spent in this place.
 C = Inter-level travel time spent in this place.
 D = Time resting spent in this place.
 E = Time spent auto-exploring this place.
 F = Levels seen in this place.
 G = Mean time per level.
                   A        B        C        D        E       F      G
               +--------+--------+--------+--------+--------+-----+--------+
         Total |   5951 |   5792 |    159 |    585 |   4443 |   6 |  991.8 |
       Dungeon |   5951 |   5792 |    159 |    585 |   4443 |   6 |  991.8 |
               +--------+--------+--------+--------+--------+-----+--------+

Top non-repeatable levels by time:
     D:5: 1491 daAuts
     D:3: 1238 daAuts
     D:1: 1170 daAuts
     D:2: 983 daAuts
     D:4: 664 daAuts
     D:6: 404 daAuts
